 Dungeon Crawl Stone Soup version 0.29.1-15-g9cfb28693d (webtiles) character file.

Game seed: 6639233551570042466

1341 vvl the Digger (level 8, -1/52 HPs)
             Began as a Demonspawn Earth Elementalist on Apr 8, 2023.
             Was an Initiate of Makhleb.
             Slain by Pikel the jorogumo (shapeshifter) (11 damage)
             ... on level 6 of the Dungeon.
             The game lasted 00:11:40 (7340 turns).

vvl the Digger (Demonspawn Earth Elementalist)      Turns: 7340, Time: 00:11:40

Health: -1/52      AC:  9    Str: 12    XL:     8   Next: 35%
Magic:  14/14      EV: 16    Int: 19    God:    Makhleb [......]
Gold:   287        SH:  5    Dex: 13    Spells: 15/16 levels left

rFire   + . .      SeeInvis .   p - +5 quarterstaff (chaos)
rCold   . . .      Faith    .   (shield currently unavailable)
rNeg    + . .      Spirit   .   a - +0 robe
rPois   .          Reflect  +   v - +0 helmet
rElec   .          Harm     .   q - +1 cloak
rCorr   .          Rampage  .   n - +0 pair of gloves
Will    .....                   u - +1 pair of boots of the Dolphin {rF+ Str+3}
Stlth   ++........              r - amulet of reflection
HPRegen 0.17/turn               s - ring of positive energy
MPRegen 0.14/turn               t - +4 ring of evasion

@: lethally poisoned (-1 -> -8)
A: powered by pain 1, sharp scales 1, demonic touch 2, MP-powered wands
a: Renounce Religion


You were on level 6 of the Dungeon.
You worshipped Makhleb.
Makhleb was noncommittal.
You visited 2 branches of the dungeon, and saw 7 of its levels.

You collected 287 gold pieces.

Inventory:

Hand Weapons
 p - a +5 quarterstaff of chaos (weapon)
Armour
 a - a +0 robe (worn)
 n - a +0 pair of gloves (worn)
 q - a +1 cloak (worn)
 u - the +1 pair of boots of the Dolphin (worn) {rF+ Str+3}
   (You found it on level 4 of the Dungeon)

   Str:       It affects your strength (+3).
   rF:        It protects you from fire.
 v - a +0 helmet (worn)
Jewellery
 r - an amulet of reflection (around neck)
 s - a ring of positive energy (left hand)
 t - a +4 ring of evasion (right hand)
Scrolls
 c - a scroll of vulnerability
 d - a scroll of torment
 e - 3 scrolls of immolation {unknown}
 j - 4 scrolls of teleportation
 w - a scroll of butterflies
Potions
 b - 3 potions of magic
 f - 2 potions of attraction {unknown}
 g - a potion of flight {unknown}
 l - 4 potions of mutation
 o - a potion of resistance {unknown}
 x - 2 potions of berserk rage {unknown}
 z - a potion of lignification {unknown}


   Skills:
 - Level 2.0 Dodging
 - Level 2.0 Stealth
 + Level 4.4 Unarmed Combat
 + Level 4.5 Spellcasting
 + Level 4.3 Conjurations
 - Level 1.0 Transmutations
 + Level 5.0 Earth Magic
 + Level 4.4 Invocations


You had 15 spell levels left.
You knew the following spells:

 Your Spells              Type           Power      Damage    Failure   Level
a - Sandblast             Erth           46%        2d11      1%          1

Your spell library contained the following spells:

 Spells                   Type           Power      Damage    Failure   Level
 Passwall                 Tmut/Erth      12%        N/A       6%          2
 Stone Arrow              Conj/Erth      44%        3d9       6%          3
 Blink                    Tloc           8%         N/A       21%         2
 Petrify                  Tmut/Erth      15%        N/A       36%         4
 Manifold Assault         Tloc           4%         N/A       98%         5
 Storm Form               Tmut/Air       3%         N/A       100%        7


Dungeon Overview and Level Annotations

Branches:
Dungeon (6/15)             Temple (1/1) D:4

Altars:
Ashenzari
Cheibriados
Dithmenos
Fedhas
Gozag
Hepliaklqana
Makhleb
Nemelex Xobeh
Okawaru
Qazlal
Ru
Sif Muna
Wu Jian
Yredelemnul

Annotations:
D:6 Pikel


Innate Abilities, Weirdness & Mutations

You sometimes gain a little power by taking damage.
You are partially covered in razor-sharp scales. (AC +1, Slay +1)
Your touch may inflict irresistible damage on your foes.
You expend magic power (3 MP) to strengthen your wands.


Message History

You miss the lemure.
The lemure is almost dead.
Pikel stops rolling and uncurls.
The lemure barely misses you.
You barely miss the lemure.
The lemure is almost dead.
The lemure closely misses you.
The lemure shouts!
You hit Pikel. You freeze Pikel.
Pikel is moderately wounded.
You hit Pikel. You freeze Pikel.
Pikel is heavily wounded.
Pikel waves its antennae.
Pikel closely misses you. Pikel misses you.
You sock Pikel!
Pikel is severely wounded.
Pikel the boulder beetle changes into a jorogumo!
You sock Pikel!
Pikel's magic leaks into the air.
Pikel is heavily wounded.
You block Pikel's attack.
You miss Pikel.
Pikel is heavily wounded.
Pikel hits you.
You are poisoned.
You feel yourself slow down.
You hit Pikel. You burn Pikel.
Pikel is heavily wounded.
You feel extremely sick.
Pikel's magic is no longer disrupted.
Pikel misses you.
Pikel says, "You'll make a fine lemure."
Pikel hits you but does no damage. Pikel barely misses you.
You sock Pikel! You freeze Pikel.
Pikel is severely wounded.
You feel yourself speed up.
* * * LOW HITPOINT WARNING * * *
You feel very sick. Pikel closely misses you. Pikel barely misses you.
It was a potion of mutation.
You feel extremely strange.
You feel your magical essence link to the dungeon's wands.
You feel sick. Pikel hits you!
You die...

... #.......#######......####
.... #.......#................
....#####.......#................
................#................
................#................
................#................
..............55#................
..............5H#######'#########
################@......(.....##..
#.............#...
#.............#...
#.............#..<
#.............###'
#......#######.... #......# #....
#......# #.... #......# #....


You could see Pikel the jorogumo shaped shifter and 3 lemures.

Vanquished Creatures
  Prince Ribbit (D:6)
  A black bear (D:6)
  An ogre (D:5)
  A centaur (D:5)
  A lemure (D:6)
  A phantom (D:6)
  A necrophage (D:5)
  3 scorpions
  2 orc priests (D:4)
  A jelly (D:3)
  Crazy Yiuf (D:3)
  2 hounds
  3 iguanas
  5 orc wizards (D:5)
  9 adders
  A white imp (D:6)
  3 worms
  A dart slug (D:3)
  9 orcs
  11 endoplasms
  5 giant cockroaches
  7 goblins
  5 hobgoblins
  5 jackals
  2 quokkas
  2 ball pythons
  4 bats
  5 frilled lizards
  4 kobolds
  4 rats
101 creatures vanquished.

Vanquished Creatures (others)
  An orc wizard (D:4)
1 creature vanquished.

Grand Total: 102 creatures vanquished

Notes
Turn   | Place    | Note
-------+----------+-------------------------------------------
     0 | D:1      | vvl the Demonspawn Earth Elementalist began the quest for
                  | the Orb.
     0 | D:1      | Reached XP level 1. HP: 13/13 MP: 3/3
   286 | D:1      | Reached skill level 1 in Transmutations
   417 | D:1      | Gained mutation: Your touch may inflict minor irresistible
                  | damage on your foes. [demonic ancestry]
   417 | D:1      | Reached XP level 2. HP: 19/19 MP: 3/5
  1233 | D:2      | Reached skill level 1 in Conjurations
  1285 | D:2      | Reached skill level 3 in Earth Magic
  1553 | D:2      | Gained mutation: Your touch may inflict irresistible damage
                  | on your foes. [demonic ancestry]
  1553 | D:2      | Reached XP level 3. HP: 24/24 MP: 3/6
  1963 | D:2      | Found a faded altar of an unknown god.
  2882 | D:3      | Found a basalt altar of Yredelemnul.
  2882 | D:3      | Found a sparkling altar of Nemelex Xobeh.
  2891 | D:3      | Reached skill level 1 in Unarmed Combat
  3269 | D:3      | Gained mutation: You are partially covered in razor-sharp
                  | scales. (AC +1, Slay +1) [demonic ancestry]
  3269 | D:3      | Reached XP level 4. HP: 27/30 MP: 1/7
  3835 | D:3      | Found a runed translucent door.
  3836 | D:3      | Noticed Crazy Yiuf
  3911 | D:3      | Killed Crazy Yiuf
  3912 | D:3      | Reached XP level 5. HP: 28/35 MP: 9/9
  4476 | D:4      | Identified the +1 pair of boots of the Dolphin {rF+ Str+3}
  4553 | D:4      | Gained mutation: You sometimes gain a little power by
                  | taking damage. [demonic ancestry]
  4553 | D:4      | Reached XP level 6. HP: 18/41 MP: 8/10
  4821 | D:4      | Found a staircase to the Ecumenical Temple.
  4827 | Temple   | Entered the Ecumenical Temple
  5165 | Temple   | Became a worshipper of Makhleb the Destroyer
  5308 | D:5      | Entered Level 5 of the Dungeon
  5325 | D:5      | Reached skill level 1 in Invocations
  5474 | D:5      | Reached skill level 4 in Earth Magic
  5663 | D:5      | Reached XP level 7. HP: 46/46 MP: 7/12
  5947 | D:5      | Found an ornate altar of the Wu Jian Council.
  6695 | D:6      | Noticed Prince Ribbit
  6704 | D:6      | Killed Prince Ribbit
  6705 | D:6      | Reached XP level 8. HP: 46/52 MP: 7/14
  6950 | D:6      | Noticed Pikel
  6962 | D:6      | Reached skill level 5 in Earth Magic
  6969 | D:6      | Noticed Pikel
  6969 | D:6      | Pikel changed into Pikel the shapeshifter
  6969 | D:6      | Pikel the shapeshifter changed into Pikel the spriggan
  6974 | D:6      | Noticed Pikel
  6974 | D:6      | Pikel the spriggan changed into Pikel the shapeshifter
  6974 | D:6      | Noticed Pikel
  6974 | D:6      | Pikel the shapeshifter changed into Pikel the komodo dragon
  6976 | D:6      | Noticed Pikel
  6976 | D:6      | Pikel the komodo dragon changed into Pikel the shapeshifter
  6976 | D:6      | Noticed Pikel
  6976 | D:6      | Pikel the shapeshifter changed into Pikel the polar bear
  6982 | D:6      | HP: 1/52 [Pikel the polar bear (shapeshifter) (9)]
  7300 | D:6      | Noticed Pikel
  7335 | D:6      | Noticed Pikel
  7335 | D:6      | Pikel the boulder beetle changed into Pikel the jorogumo
  7340 | D:6      | Gained mutation: You expend magic power (3 MP) to
                  | strengthen your wands. [potion of mutation]
  7340 | D:6      | Slain by Pikel the jorogumo (shapeshifter)

Illustrated notes

Levels and vault maps discovered:
D:1:      lightli_iron_boxes, layout_loops_corners
D:2:      minmay_evil_eye, layout_loops_corners,
          shapermc_ecumenical_altar_mp_highgroup, minmay_crystal_water,
          minmay_ruptured
D:3:      minmay_diamond_boxcup, layout_loops_corners, nicolae_overflow_squiral,
          uniq_crazy_yiuf_cottage
D:4:      layout_rooms, minmay_temple_entry_nine_rooms,
          amcnicky_mini_corridor_feature
D:5:      layout_basic, mainiacjoe_overflow_boulevard,
          mainiacjoe_overflow_cross_hatched
D:6:      layout_gridville, hangedman_decor_peaks_small, grunt_ministairs_12,
          minivault_24, minmay_misc_feat_roman, uniq_pikel, uniq_prince_ribbit1
Temple:   oiseaux_autumnal_temple

Skill      XL: |  1  2  3  4  5  6  7  8 |
---------------+-------------------------+-----
Transmutations | 1 |  1.0
Stealth        | 2 |  2.0
Dodging        | 2 |  2.0
Conjurations   | 1 2 3 4 |  4.3
Earth Magic    | 3 4 5 |  5.0
Unarmed Combat | 1 2 3 4 |  4.4
Spellcasting   | 3 4 |  4.5
Invocations    | 2 3 4 |  4.4

Action                   |  1- 3 |  4- 6 |  7- 9 || total
-------------------------+-------+-------+-------++-------
Melee: Unarmed           |    24 |     3 |       ||    27
       Touch             |     2 |     3 |       ||     5
       Quarterstaff      |       |    13 |    57 ||    70
 Cast: Sandblast         |    68 |    62 |    54 ||   184
Evoke: Wand              |       |       |     2 ||     2
  Use: Potion            |       |     3 |     2 ||     5
       Scroll            |       |       |     8 ||     8
Armor: Robe              |     8 |    14 |    23 ||    45
Dodge: Dodged            |    40 |    42 |    69 ||   151
Block: Other             |       |     5 |    18 ||    23
       Reflection        |       |       |     1 ||     1
